Cogmind - Beta 11.1 @@@ ROGUE MODE // 2022.10.15 @ 02:23:59 Player: lumberblack Result: Destroyed by S-10 Pest with Light Assault Rifle Performance ------------- Evolutions (0) 0 Regions Visited (1) 200 Robots Destroyed (3) 15 Value Destroyed (60) 60 Prototype IDs (0) 0 Alien Tech Used (0) 0 Bonus (0) 0 TOTAL SCORE: 275 Bonus ------- None Cogmind --------- Core Integrity 0/250 Matter 300/300 Energy 100/100 System Corruption 1% Temperature Cool (0) Movement Hovering (80) Location -10/Materials Parts ------- > --- POWER (1) -------- (None) > --- PROPULSION (2) --- Combat Airjet > --- UTILITY (2) ------ Small Storage Unit Small Storage Unit > --- WEAPON (2) ------- (None) > --- INVENTORY (8) ---- Light Ion Engine Aluminum Leg Aluminum Leg Wheel Compact Wheel Light Assault Rifle Peak State ------------ > --- POWER ------------ Light Ion Engine > --- PROPULSION ------- Light Treads Combat Airjet > --- UTILITY ---------- Small Storage Unit Small Storage Unit > --- WEAPON ----------- Assault Rifle > --- INVENTORY -------- Light Ion Engine Aluminum Leg Aluminum Leg Wheel Compact Wheel Light Assault Rifle [Rating: 10] Favorites ----------- Power Light Ion Engine Engine Light Ion Engine Propulsion Aluminum Leg Treads Light Treads Leg Aluminum Leg Hover Unit Combat Airjet Utility Small Storage Unit Storage Small Storage Unit Weapon Assault Rifle Energy Gun EM Pulse Gun Ballistic Gun Assault Rifle Build | -11 -10 ------- Run | Scr Mat Slots Evolved . | . . Power . | . . Propulsion . | . . Utility . | . . Weapon . | . . Parts Attached 5 | 4 1 Power . | . . Engine . | . . Core . | . . Reactor . | . . Propulsion 3 | 2 1 Treads 2 | 2 . Leg . | . . Wheel . | . . Hover 1 | . 1 Flight . | . . Utility 1 | 1 . Device . | . . Storage 1 | 1 . Processor . | . . Hackware . | . . Protection . | . . Artifact . | . . Weapon 1 | 1 . Energy Gun . | . . Energy Cannon . | . . Ballistic Gun 1 | 1 . Ballistic Cannon . | . . Launcher . | . . Special Weapon . | . . Impact Weapon . | . . Slashing Weapon . | . . Piercing Weapon . | . . Special Melee Weapon . | . . Unidentified Prototypes . | . . Corrupted Parts 1 | 1 . System Corruption 1 | 1 . Parts Lost 4 | . 4 Power 1 | . 1 Propulsion 1 | . 1 Utility . | . . Weapon 2 | . 2 Highest Loss Streak 3 | . 3 To Critical Strikes . | . . Average Slot Usage (%) 84 | . 84 Engine 12 | . 12 Treads 23 | . 23 Hover 2 | . 2 Storage 28 | . 28 Energy Gun 4 | . 4 Ballistic Gun 12 | . 12 Naked Turns . | . . Heaviest Build 17 | 17 17 Greatest Support 40 | 40 40 Greatest Overweight (x) 5 | 5 1 Average Overweight (x) 2 | 2 . Largest Inventory Capacity 8 | 8 8 Average Capacity 8 | 8 8 Most Carried 7 | 7 7 Average Carried 6 | 6 6 Final Capacity 8 | 8 8 Final Carried 7 | 7 6 Class Distribution -------------------- 100% | Mutant Dominant Class ---------------- Mutant | -10/Materials Resources | -11 -10 ----------- Run | Scr Mat Matter Collected 272 | 272 . Remotely . | . . Salvage Created 100 | 100 . Parts 7 | 7 . Haulers Intercepted . | . . Recyclers Shooed . | . . Parts Field Recycled . | . . Retrieved Matter . | . . Parts Self-Destructed . | . . Prevented . | . . Kills | -11 -10 ------- Run | Scr Mat Combat Hostiles Destroyed 1 | 1 . Guns 1 | 1 . Classes Destroyed 3 | 3 . Worker 1 | 1 . Recycler 1 | 1 . Demolisher 1 | 1 . Best Kill Streak 1 | 1 . Combat Bots Only 1 | 1 . Max Kills in Single Turn 1 | 1 . Gunslinging . | . . Exploded . | . . Melee . | . . Uniques/NPCs Destroyed . | . . Combat | -11 -10 -------- Run | Scr Mat Damage Taken 941 | 2 939 Core 255 | . 255 Absorbed by Shields . | . . Core Remaining (%) 100 | 100 . Volleys Fired 2 | 2 . Largest 2 | 2 . Hottest 60 | 60 . Shots Fired 4 | 4 . Gun 4 | 4 . Cannon . | . . Launcher . | . . Special . | . . Kinetic 2 | 2 . Thermal . | . . Explosive . | . . Electromagnetic 2 | 2 . Robot Hit Streak 3 | 3 . Robot Miss Streak . | . . Penetration Max . | . . Secondary Targets . | . . Shots Hit Robots 3 | 3 . Core Hits 4 | 4 . Critical Kills . | . . Critical Parts Destroyed . | . . Critical Strikes . | . . Melee Attacks . | . . Impact . | . . Slashing . | . . Piercing . | . . Sneak Attacks . | . . Combat Hostiles . | . . Follow-up Attacks . | . . Damage Inflicted 57 | 41 16 Guns 31 | 31 . Cannons . | . . Explosions . | . . Melee . | . . Ramming 26 | 10 16 Kinetic 9 | 9 . Thermal . | . . Explosive . | . . Electromagnetic 22 | 22 . Impact . | . . Slashing . | . . Piercing . | . . Highest Corruption 1 | 1 1 Average Corruption 1 | 1 1 Corruption Purged . | . . Corruption Blocked . | . . Effects 19 | 19 . Message Errors 4 | 4 . Matter Fused 5 | 5 . Heat Flow Errors 4 | 4 . Energy Discharges 4 | 4 . Data Loss (minor) 1 | 1 . Data Loss (major) 1 | 1 . Overload Shots . | . . Overflow Damage . | . . Projectiles . | . . Explosions . | . . Melee . | . . Knockbacks 1 | . 1 Impact 1 | . 1 Kinetic . | . . Secondary . | . . Self-Inflicted Damage 2 | 2 . Shots . | . . Rammed 8 | 4 4 Targets Rammed 9 | 5 4 Kicked . | . . Crushed 1 | 1 . Highest Temperature 261 | 261 . Average Temperature 91 | 91 . Received Heat Transfer 186 | . 186 Siege Activations . | . . Robots Corrupted . | . . Combat Hostiles . | . . Parts Fried . | . . Impact Corruptions . | . . Robots Melted . | . . Combat Hostiles . | . . Parts Melted . | . . Heat Transferred . | . . Parts Sabotaged . | . . Parts Stolen . | . . Parts Stripped . | . . Power Chain Reactions . | . . Missiles Intercepted . | . . Alert | -11 -10 ------- Run | Scr Mat Peak Influence 91 | 40 91 Initial 26 | . 26 Average 5 | 1 52 Maximum Alert Level . | . . Low Security (%) 100 | 100 100 Level 1 . | . . Level 2 . | . . Level 3 . | . . Level 4 . | . . Level 5 . | . . High Security . | . . Max Security . | . . Squads Dispatched 4 | . 4 Investigation 2 | . 2 Extermination . | . . Reinforcement 2 | . 2 Assault . | . . Garrison . | . . Intercept . | . . Searches Triggered . | . . Construction Impeded . | . . Haulers Reinforced . | . . Active Scanning Responses . | . . Cargo Convoy Interrupts . | . . Stealth | -11 -10 --------- Run | Scr Mat Distress Signals 1 | . 1 Communications Jammed . | . . Distress Signals . | . . Times Spotted 22 | 2 20 Peak Tracking Total 12 | 1 12 Tactical Retreats 4 | 1 3 Traps | -11 -10 ------- Run | Scr Mat Traps Triggered 2 | . 2 Indirectly . | . . Trap Hack Attempts . | . . Triggered . | . . Disarmed . | . . Reprogrammed . | . . Reused . | . . Traps Extracted . | . . Installed . | . . Triggered . | . . Machines | -11 -10 ---------- Run | Scr Mat Machines Disabled . | . . Max in Single Turn . | . . Machines Sabotaged . | . . Garrisons Compromised . | . . Overloaded Fab Kills . | . . Hacking | -11 -10 --------- Run | Scr Mat Machines Accessed . | . . Terminals . | . . Fabricators . | . . Repair Stations . | . . Recycling Units . | . . Scanalyzers . | . . Garrison Access . | . . Total Hacks . | . . Successful . | . . Failed . | . . Catastrophic . | . . Database Lockouts . | . . Manual . | . . Terminals . | . . Fabricators . | . . Repair Stations . | . . Recycling Units . | . . Scanalyzers . | . . Garrison Access . | . . Terminal Hacks . | . . Fabricator Hacks . | . . Repair Station Hacks . | . . Recycling Unit Hacks . | . . Scanalyzer . | . . Garrison Access Hacks . | . . Unauthorized Hacks . | . . Terminals . | . . Fabricators . | . . Repair Stations . | . . Recycling Units . | . . Scanalyzers . | . . Garrison Access . | . . Data Cores Recovered . | . . Used . | . . Hacking Detections . | . . Full Trace Events . | . . Feedback Events . | . . Feedback Blocked . | . . Robot Schematics Acquired . | . . Robots Built . | . . Authchips . | . . Time . | . . Total Robot Build Rating . | . . Part Schematics Acquired . | . . Parts Built . | . . Authchips . | . . Time . | . . Total Part Build Rating . | . . Parts Repaired . | . . Time . | . . Parts Recycled . | . . Recycled Matter . | . . Retrieved Matter . | . . Retrieved Components . | . . Parts Scanalyzed . | . . Part Schematics Acquired . | . . Parts Damaged . | . . Bothacking | -11 -10 ------------ Run | Scr Mat Used RIF Installer . | . . Robots Hacked . | . . Non-combat . | . . Combat . | . . Robot Hacks Applied . | . . Relay Couplers Released . | . . Fabnet Peak Effective % . | . . Robots Rewired . | . . Allies Hacked . | . . Hacks Repelled . | . . Allies | -11 -10 -------- Run | Scr Mat Total Allies . | . . Largest Group . | . . Highest-Rated Group . | . . Highest-Rated Ally . | . . Total Orders . | . . Ally Attacks . | . . Total Damage . | . . Kills . | . . Allies Corrupted . | . . Allies Melted . | . . Intel | -11 -10 ------- Run | Scr Mat Robot Analysis Total . | . . Derelict Logs Recovered . | . . Drone Launches . | . . Drone Recoveries . | . . Exploration | -11 -10 ------------- Run | Scr Mat Turns Passed 3185 | 2944 241 Spaces Moved 1257 | 1094 163 Core 506 | 506 . Treads 684 | 561 123 Legs 27 | 27 . Wheels . | . . Hover 40 | . 40 Flight . | . . Fastest Speed 80 | 120 80 Average Speed 213 | 223 142 Slowest Speed 300 | 300 160 Overloaded Moves . | . . Propulsion Burnouts . | . . Robots Hopped . | . . Cave-ins Triggered . | . . Exploration Rate (%) 75 | 95 55 Regions Visited 1 Branch Regions . Pre-discovered Areas . | . . Known Exits Taken . | . . Unknown Exits Taken 1 | 1 . Scrap Searched . | . . Spaces Dug . | . . Terrain Destroyed . | . . Melee . | . . Projectile . | . . AOE . | . . Terrain Rammed . | . . Walls Destroyed . | . . Machines Disabled . | . . Actions | -11 -10 --------- Run | Scr Mat Total 1746 | 1577 169 Wait 472 | 472 . Move 1256 | 1093 163 Hop . | . . Pick Up 1 | 1 . Fast Attach 1 | 1 . Attach 1 | . 1 Detach . | . . Swap 3 | 3 . Drop 1 | . 1 Fire 2 | 2 . Melee . | . . Ram 3 | 3 . Kick . | . . Crush 6 | 2 4 Escape Stasis . | . . Rewire . | . . Trap . | . . Miscellaneous . | . . Route ------- -11/Scrapyard -10/Materials (discovered 1 exit: [*Min]) History --------- Turn | Location | Event 3 | -11/Scrapyard | Discovered new exit (range 2) 1762 | -11/Scrapyard | Assembled infested the area 2945 | -11/Scrapyard | Entered Materials 2946 | -10/Materials | Build established: Mutant 3057 | -10/Materials | Discovered new exit (range 14) 3175 | -10/Materials | Core integrity fell below 50% 3179 | -10/Materials | Core integrity fell below 20% 3186 | -10/Materials | Destroyed by S-10 Pest with Light Assault Rifle Last Messages --------------- 03060_ O-16 Technician: "IFF HANDSHAKE FAILED. SECURING TERMINAL." 03069_ ALERT: Hostiles spotted, dispatching reinforcements to Terminal M003. 03132_ Lgt. Treads destroyed. 03150_ Dropped Lgt. Treads. 03155_ Triggered Alarm Trap. 03155_ An alarm sounds. 03155_ ALERT: Alarm triggered, dispatching investigation squad. 03157_ Lgt. Ion Engine destroyed. 03157_ R-06 Scavenger collects Lgt. Treads. 03161_ Assault Rifle destroyed. 03163_ T-07 Excavator is excavating. 03166_ S-10 Pest destroyed. 03170_ O-16 Technician sends out distress signal. 03170_ O-16 Technician: "IFF HANDSHAKE FAILED. SECURING TERMINAL." 03171_ O-16 Technician uses terminal to summon reinforcements. 03171_ ALERT: Hostiles spotted, dispatching reinforcements to Terminal M008. 03171_ O-16 Technician locks terminal. 03180_ Electrolysis Chamber disabled. Map ----- +----------------------------------------------------+ | | | | | ?????????????????????????????????????? | | ?????????????????????????????????????? | | ?????????????????????????????????????? | | ?????????????????????????????????????? | | ???????????????????######????????????? | | ??????????????????##!!!!##???????????? | | ??????????????????#! !#???????????? | | ??????????????????#! !#???????????? | | ????????????????### ############# | | ????????????????# | | ????????????????# | | ????????????????# | | ????????????????################### | | ??????????????????????????????????# | | ??????????????????????????????????# | | ?????????????????????????????###### | | ?????????????????????? | | ?????????????????????? | | ?????????????????????? | | ????????########+##???####### ######## | | ????????# === #?????????#????????? | | ????????# === #??????????????????? | | ????????# === #??????????????????? | | ????????# @ #??????????????????? | | ???##########/#####??????????????????? | | ???# #??????????????????????? | | ???# #???####???????????????? | | ???# """ a #??"" #???????????????? | | ???# """ #?"Y" #????????????#### | | ???# " # #????????????# | | ???# sss# #????????????# | | ???# gg #????????????+ | | ???#######g # = #????????????# | | ?????????# g ########????????????# | | ?????????+ #??????????????????????? | | ?????????# #??????????????????#???? | | ?????????# #######???" ?#?????# ??? | | ?????????# o #??"" #?????# ?? | | ?????????+ #?""" #?????# ? | | ?????????# # #?????# ? | | ?????????###T#### + = ???????# | | ???????????###??# #?????????????# | | ????????????????# #?????????????# | | ???####????????## ##????????????# | | ???# ! ####### #????????????# | | ???# #????????????# | | ???? T +????????????# " | | ???# #????????????# " | +----------------------------------------------------+ Best States ------------- Heat Dissipation 25 Energy Generation 10 Energy Capacity 125 Matter Stores 300 Matter Capacity 300 Sight Range 16 Terrain Scan Density 10 Evasion (%) 55 Recoil Reduction 2 Item Schematics ----------------- None Robot Schematics ------------------ None Fabricated ------------ Nothing Alien Tech Used ----------------- None Achievements -------------- None Challenges ------------ None Game ------ Seed SiegeSlugImmobilizer Manual? 0 Play Time 00:06:48 Cumulative 404.0 hours Start 2022.10.15 @ 02:15:34 End 2022.10.15 @ 02:23:59 Sessions 1 Manual Loads 0 Difficulty Rogue Special Mode None Game No. 443 Rogue 443 Adventurer 0 Explorer 0 Win Type - Total 8 Types 5/1/2/0/0/0/0/0/0 Lore% 58 Gallery% 79 Achievement% 65 Wizard Run 0 Options --------- ASCII 0 Keyboard 0 Movement Numpad Keybinds 0 Fullscreen 2 Font 18/TerminusBold Map View 76x50 Tactical HUD 1 Map Filters NONE Filters NONE Steam 1 RUN: 435ccd94-febe-4469-8f68-7632e19acaaf